 Dungeon Crawl Stone Soup version 0.30-a0-12-gd8047c6341 (webtiles) character file.

Game seed: 16636969872500897684

4 Flugkiller the Trooper (level 1, -2/20 HPs)
             Began as a Minotaur Fighter on Aug 23, 2022.
             Slain by a goblin
             ... wielding a +2 dagger of electrocution
              (3 damage)
             ... on level 1 of the Dungeon.
             The game lasted 00:00:02 (16 turns).

Flugkiller the Trooper (Minotaur Fighter)             Turns: 16, Time: 00:00:03

Health: -2/20      AC:  7    Str: 20    XL:     1   Next: 50%
Magic:  0/0        EV:  9    Int:  5    God:
Gold:   0          SH:  4    Dex:  9    Spells: 0/0 levels left

rFire   . . .      SeeInvis .    a - +0 war axe
rCold   . . .      Faith    .    c - +0 buckler
rNeg    . . .      Spirit   .    b - +0 scale mail
rPois   .          Reflect  .    (helmet restricted)
rElec   .          Harm     .    (no cloak)
rCorr   .          Rampage  .    (no gloves)
Will    .....                    (no boots)
Stlth   ..........               (no amulet)
HPRegen 0.06/turn                (no ring)
MPRegen 0.07/turn                (no ring)

@: no status effects
A: horns 2, retaliatory headbutt
a: no special abilities


You were on level 1 of the Dungeon.
You visited 1 branch of the dungeon, and saw 1 of its levels.

Inventory:

Hand Weapons
 a - a +0 war axe (weapon)
Armour
 b - a +0 scale mail (worn)
 c - a +0 buckler (worn)
Potions
 d - a potion of might


   Skills:
 + Level 3.7 Fighting
 * Level 2.7 Axes
 + Level 3.7 Armour
 - Level 3.6 Shields


You couldn't memorise any spells.
You didn't know any spells.
Your spell library was empty.

Dungeon Overview and Level Annotations

Branches:
Dungeon (1/15)

Altars:


Innate Abilities, Weirdness & Mutations

You have a pair of horns on your head.
You reflexively headbutt those who attack you in melee.


Message History

Welcome, Flugkiller the Minotaur Fighter.
It is said that the Orb of Zot exists deep within this dungeon.
Press ? for a list of commands and other information.
Found a staircase leading out of the dungeon.
You enter the shallow water.
Moving in this stuff is going to be slow.
An endoplasm comes into view.
The endoplasm quivers.
An endoplasm is nearby!
An endoplasm is nearby!
An endoplasm is nearby!
You enter the shallow water.
Moving in this stuff is going to be slow. 2 goblins and a ball python come into view.
A goblin is wielding a +2 dagger of electrocution.
Found 14 gold pieces.
The goblin shouts! x2; The ball python hisses angrily.
Found a bubbling white potion.
The endoplasm hits you but does no damage.
A kobold comes into view. It is wielding a +0 short sword.
A rat comes into view.
A goblin comes into view. It is wielding a +0 club.
You completely miss the endoplasm.
The kobold shouts!
The endoplasm hits you but does no damage. x2
You hit the endoplasm.
The endoplasm is severely wounded.
The endoplasm hits you but does no damage.
The ball python bites you but does no damage.
You block the ball python's attack.
You slash the endoplasm!
You kill the endoplasm!
You closely miss the ball python. The ball python barely misses you.
You furiously retaliate!
You headbutt the ball python!
You kill the ball python!
You slash the goblin!
You kill the goblin!
A ball python comes into view.
You block the goblin's attack. You block the rat's attack.
The ball python hisses angrily.
You hit the rat.
You kill the rat!
You miss the goblin.
The goblin hits you with a +2 dagger of electrocution.
You are electrocuted!
Ouch! That really hurt!
* * * LOW HITPOINT WARNING * * *
You are too injured to fight recklessly!
You are too injured to fight recklessly!
There are monsters nearby!
There are monsters nearby!
You are too injured to fight recklessly!
You hit the goblin. Your headbutt misses the goblin.
The goblin is heavily wounded.
You hit the kobold.
The kobold hits you with a +0 short sword.
* * * LOW HITPOINT WARNING * * *
The goblin hits you with a +2 dagger of electrocution.
You die...

.....!......#
............#
............
...........
......S. .....
##)g# #$gK#
######@######
#~~~~♣~♣~~~~#
#~.P.....♣.~#
#~PPP...♣♣♣~#
##♣.P.....♣.♣#.
..~....<....~...
.#♣.P.....P.♣#..
#~PPP...PPP~#
#~.P.....P.~#


You could see 2 goblins, a ball python and a kobold.

Vanquished Creatures
  An endoplasm (D:1)
  A goblin (D:1)
  A ball python (D:1)
  A rat (D:1)
4 creatures vanquished.

Notes
Turn   | Place    | Note
-------+----------+-------------------------------------------
     0 | D:1      | Flugkiller the Minotaur Fighter began the quest for the
                  | Orb.
     0 | D:1      | Reached XP level 1. HP: 19/19 MP: 0/0
    16 | D:1      | HP: 1/20 [kobold/+0 short sword (1)]
    16 | D:1      | Slain by a goblin

Illustrated notes

Levels and vault maps discovered:
D:1:      ldierk_walled_garden, layout_rooms, ebering_ecumenical_altar_webs,
          nrook_campfire

Action                   || total
-------------------------++-------
Melee: War axe           ||     6
Armor: Scale mail        ||     5
Dodge: Dodged            ||     1
Block: Buckler           ||     3

Table legend: (Time is in decaauts)
 A = Elapsed time spent in this place.
 B = Non-inter-level travel time spent in this place.
 C = Inter-level travel time spent in this place.
 D = Time resting spent in this place.
 E = Time spent auto-exploring this place.
 F = Levels seen in this place.
 G = Mean time per level.
                   A        B        C        D        E       F      G
               +--------+--------+--------+--------+--------+-----+--------+
         Total |     19 |     19 |      0 |      0 |      7 |   1 |   19.0 |
       Dungeon |     19 |     19 |      0 |      0 |      7 |   1 |   19.0 |
               +--------+--------+--------+--------+--------+-----+--------+

Top non-repeatable levels by time:
     D:1: 19 daAuts
